 Dungeon Crawl Stone Soup version 0.25.0-26-g0c896c7088 (webtiles) character file.

Game seed: 7368262162382128761

394 EriolAelfwine the Ruffian (level 6, -4/55 HPs)
             Began as a Ghoul Monk on June 30, 2020.
             Slain by an ogre
             ... wielding a +0 giant spiked club
              (32 damage)
             ... on level 4 of the Dungeon.
             The game lasted 00:08:09 (4175 turns).

EriolAelfwine the Ruffian (Ghoul Monk)              Turns: 4175, Time: 00:08:10

Health: -4/55      AC: 11    Str: 16    XL:     6   Next: 81%
Magic:  5/5        EV:  8    Int:  6    God:
Gold:   112        SH:  0    Dex: 11    Spells: 5/5 levels left

rFire    . . .     SeeInvis +     - Unarmed
rCold    + . .     Gourm    .   (no shield)
rNeg     + + +     Faith    .   e - +0 chain mail
rPois    ∞         Spirit   .   d - +2 helmet {SInv}
rElec    .         Reflect  .   (no cloak)
rCorr    .         Harm     .   (no gloves)
MR       .....                  (no boots)
Stlth    ..........             (no amulet)
HPRegen  0.00/turn              (no ring)
MPRegen  0.09/turn              (no ring)

@: rotting
A: rotting body, claws 1, carnivore, cold resistance 1, negative energy
resistance 3, inhibited regeneration, torment resistance, unbreathing
a: no special abilities


You were on level 4 of the Dungeon.
You were not hungry.

You visited 1 branch of the dungeon, and saw 4 of its levels.
You also visited: Sewer.

You collected 112 gold pieces.

Inventory:

Missiles
 g - 31 poisoned darts (quivered)
Armour
 d - a +2 helmet of see invisible (worn)
 e - a +0 chain mail (worn)
Jewellery
 f - a cursed -4 ring of strength {unknown}
 m - an uncursed ring of resist corrosion {unknown}
Wands
 c - a wand of digging (4)
Scrolls
 a - a scroll of identify
 k - 3 scrolls of magic mapping {unknown}
 l - 3 scrolls of teleportation
Potions
 i - 4 potions of brilliance
 j - 2 potions of resistance
 n - a potion of flight
 o - 4 potions of might
 p - 2 potions of heal wounds {unknown}
 q - 4 potions of curing {unknown}
Comestibles
 b - 6 rations
 h - 3 chunks of flesh


   Skills:
 + Level 4.8 Fighting
 + Level 4.1 Dodging
 - Level 2.1 Stealth
 * Level 6.1 Unarmed Combat


You had 5 spell levels left.
You didn't know any spells.
Your spell library was empty.

Dungeon Overview and Level Annotations

Branches:
Dungeon (4/15)              Sewer (visited)
 Temple: D:4-7

Altars:
Dithmenos
Elyvilon
Gozag


Innate Abilities, Weirdness & Mutations

Your body is rotting away.
You thrive on raw meat.
You are immune to poison.
You have sharp fingernails.
You are carnivorous and can eat meat at any time.
Your flesh is cold resistant. (rC+)
You are immune to negative energy. (rN+++)
You do not regenerate when monsters are visible.
You are immune to unholy pain and torment.
You can survive without breathing.


Message History

Found an escape hatch in the ceiling.
No target in view!
There is an escape hatch in the ceiling here.
There is an escape hatch in the ceiling here.
m - a golden ring No target in view!
No target in view!
An ogre comes into view. It is wielding a +0 giant spiked club.
The ogre shouts!
The ogre hits you with a +0 giant spiked club.
Your chain mail prevents you from hitting the ogre.
Your claw misses the ogre.
The ogre hits you with a +0 giant spiked club!!
You completely miss the ogre. You closely miss the ogre.
The ogre hits you but does no damage.
You claw the ogre!
The ogre is moderately wounded.
The ogre hits you with a +0 giant spiked club!!
Ouch! That really hurt!
You die...

#.#########
#...O@....#
#########.#
#.# # #.# .
#. #.# #
#.# #.# #.#
#.# #.# #.#
#.# #.#


You could see an ogre.

Vanquished Creatures
  A big kobold (Sewer)
  A hound (D:4)
  Ijyb (D:3)
  Terence (D:3)
  A worker ant (D:4)
  Robin (D:2)
  7 adders
  3 oozes
  3 worms
  2 dart slugs (D:1)
  7 leopard geckos
  An orc (D:3)
  7 bats
  9 giant cockroaches
  14 goblins
  9 hobgoblins
  8 jackals
  A quokka (D:2)
  3 ball pythons
  6 frilled lizards
  18 kobolds
  A quokka skeleton (D:2)
  4 rats
109 creatures vanquished.

Notes
Turn   | Place    | Note
-------+----------+-------------------------------------------
     0 | D:1      | EriolAelfwine the Ghoul Monk began the quest for the Orb.
     0 | D:1      | Reached XP level 1. HP: 19/19 MP: 0/0
   443 | D:1      | Reached XP level 2. HP: 26/26 MP: 1/1
   911 | D:1      | Reached XP level 3. HP: 25/31 MP: 2/2
  1008 | D:1      | Reached skill level 4 in Unarmed Combat
  1510 | D:2      | Reached XP level 4. HP: 17/40 MP: 3/3
  1805 | D:2      | Found an opulent altar of Gozag.
  1974 | D:2      | Noticed Robin
  2021 | D:2      | Killed Robin
  2513 | D:2      | Found a shadowy altar of Dithmenos.
  2788 | D:3      | Reached XP level 5. HP: 46/46 MP: 4/4
  2789 | D:3      | Noticed Ijyb
  2791 | D:3      | Noticed Terence
  2798 | D:3      | Killed Terence
  2798 | D:3      | Reached skill level 5 in Unarmed Combat
  2808 | D:3      | Killed Ijyb
  2856 | D:3      | Found a glowing drain.
  2891 | Sewer    | Entered a sewer
  2970 | Sewer    | Noticed a big kobold
  3004 | Sewer    | Killed a big kobold
  3004 | Sewer    | Reached XP level 6. HP: 28/53 MP: 5/5
  3507 | D:3      | Found a white marble altar of Elyvilon.
  3869 | D:4      | Reached skill level 6 in Unarmed Combat
  4175 | D:4      | Slain by an ogre

Illustrated notes

Levels and vault maps discovered:
D:1:      ebering_hopf_link, layout_basic
D:2:      layout_basic, grunt_gozag_statues, marbit_many_paths, uniq_robin
D:3:      layout_loops_cross, portal_sewer_entry_f, elyvilon_altar_4, uniq_ijyb,
          uniq_terence
D:4:      layout_loops_ring, fedhas_altar_fruit_tree

Skill      XL: |  1  2  3  4  5  6 |
---------------+-------------------+-----
Dodging        | 3 4 |  4.1
Unarmed Combat | 4 5 6 |  6.1
Fighting       | 4 |  4.8
Stealth        | |  2.1

Action                   |  1- 3 |  4- 6 || total
-------------------------+-------+-------++-------
Melee: Unarmed           |   125 |   285 ||   410
       Punch             |     4 |     3 ||     7
  Use: Scroll            |       |    12 ||    12
 Stab: Sleeping          |     4 |       ||     4
       Distracted        |       |     1 ||     1
  Eat: Chunk             |     4 |    20 ||    24
Armor: Robe              |    16 |    12 ||    28
       Ring mail         |       |    45 ||    45
       Scale mail        |       |    25 ||    25
       Chain mail        |       |    17 ||    17
Dodge: Dodged            |    86 |   166 ||   252
